 Dungeon Crawl Stone Soup version 0.30-a0-738-g116ff8c4af (webtiles) character file.

Game seed: 7948591559078006452

3178 avis the Nimble (level 9, -9/71 HPs)
             Began as a Demigod Hunter on Feb 4, 2023.
             Killed from afar by Maggie (34 damage)
             ... with a bolt of fire
             ... on level 8 of the Dungeon.
             The game lasted 00:48:44 (8186 turns).

avis the Nimble (Demigod Hunter)                    Turns: 8186, Time: 00:48:45

Health: -9/71      AC:  7    Str: 14    XL:     9   Next: 37%
Magic:  3/15       EV: 21    Int: 11    God:
Gold:   550        SH:  5    Dex: 29    Spells: 9/12 levels left

rFire   x . .      SeeInvis .    b - +7 dagger "Cyawn" {pain, Str+2}
rCold   + . .      Faith    .    (no shield)
rNeg    . . .      Spirit   .    c - +0 leather armour
rPois   .          Reflect  +    (no helmet)
rElec   .          Harm     .    C - +0 cloak
rCorr   .          Rampage  .    A - +2 pair of gloves
Will    +....                    (no boots)
Stlth   +++                      o - amulet of reflection
HPRegen 0.31/turn                l - ring of ice
MPRegen 0.14/turn                G - ring of willpower

@: very slightly contaminated
A: high MP 1, forlorn, divine attributes
a: no special abilities


You were on level 8 of the Dungeon.
You visited 2 branches of the dungeon, and saw 9 of its levels.
You also visited: Ossuary.

You collected 550 gold pieces.

Inventory:

Hand Weapons
 a - a +0 shortbow
 b - the +7 dagger "Cyawn" (weapon) {pain, Str+2}
   (You found it on level 4 of the Dungeon)

   Str:       It affects your strength (+2).
 p - a +0 arbalest
 w - a +2 whip of holy wrath
 H - a +4 morningstar
 I - a +4 dagger
 J - a +2 spear of freezing
Missiles
 L - 3 javelins
Armour
 c - a +0 leather armour (worn)
 A - a +2 pair of gloves (worn)
 C - a +0 cloak (worn)
Magical Staves
 M - a staff of death
Jewellery
 l - a ring of ice (left hand)
 n - an amulet of magic regeneration
 o - an amulet of reflection (around neck)
 t - a ring of resist corrosion
 x - a ring of see invisible
 G - a ring of willpower (right hand)
Wands
 y - a wand of paralysis (6)
 B - a wand of roots (5)
Scrolls
 d - a scroll of immolation
 e - 5 scrolls of poison {unknown}
 f - a scroll of fear {unknown}
 g - 3 scrolls of blinking {unknown}
 j - 3 scrolls of amnesia {unknown}
 k - 5 scrolls of vulnerability {unknown}
 r - 2 scrolls of teleportation
 u - 2 scrolls of magic mapping {unknown}
 K - a scroll of silence {unknown}
Potions
 h - 2 potions of might
 i - a potion of mutation
 m - a potion of berserk rage {unknown}
 q - 5 potions of curing
 s - 4 potions of lignification
 v - 3 potions of resistance
 z - a potion of brilliance
 D - 2 potions of flight
 E - 2 potions of ambrosia {unknown}
 F - a potion of cancellation


   Skills:
 - Level 4.0 Fighting
 - Level 8.0 Ranged Weapons
 - Level 9.0 Dodging
 - Level 2.0 Stealth
 - Level 2.0 Spellcasting
 * Level 2.3 Ice Magic


You had 9 spell levels left.
You knew the following spells:

 Your Spells              Type           Power      Damage    Failure   Level
o - Ozocubu's Armour      Ice            9%         N/A       41%         3

Your spell library contained the following spells:

 Spells                   Type           Power      Damage    Failure   Level
 Ensorcelled Hibernation  Hex/Ice        10%        N/A       34%         2
 Necrotise                Necr           4%         1d4       36%         1
 Scorch                   Fire           2%         2d5       50%         2
 Dazzling Flash           Conj/Hex       2%         N/A       73%         3
 Spider Form              Tmut/Pois      1%         N/A       73%         3
 Vampiric Draining        Necr           1%         2d6       73%         3
 Anguish                  Hex/Necr       0%         N/A       98%         4
 Flame Wave               Conj/Fire      1%         2d4       98%         4
 Iskenderun's Mystic Bla  Conj/Tloc      1%         2d3       98%         4
 Agony                    Necr           1%         N/A       100%        5
 Starburst                Conj/Fire      0%         6d3       100%        6
 Summon Cactus Giant      Summ           0%         N/A       100%        6
 Ozocubu's Refrigeration  Ice            4%         4d8       100%        7


Dungeon Overview and Level Annotations

Branches:
Dungeon (8/15)             Temple (1/1) D:5         Ossuary (visited)
   Lair: D:8-11

Shops:
D:1 =

Annotations:
D:8 Maggie


Innate Abilities, Weirdness & Mutations

You have an increased reservoir of magic. (+10% MP)
You shall have no god before yourself.
Your divine heritage dramatically boosts your attributes as you level up.


Message History

Maggie completely misses you.
You hit Maggie.
Maggie is heavily wounded.
Maggie completely misses you.
Casting: Ozocubu's Armour (dangerous; 41% risk of failure)
Confirm with . or Enter, or press ? or * to list all spells.
You feel a surge of power! A film of ice covers your body!
You block Maggie's attack.
You hit Maggie.
Maggie is heavily wounded.
Maggie completely misses you.
You hit Maggie but do no damage.
Maggie is heavily wounded.
Maggie casts a spell.
Maggie attempts to bespell you! You resist with almost no effort.
You puncture Maggie!
Maggie is severely wounded.
Maggie hits you with a +1 morningstar of flaming!
Maggie burns you! The heat melts your icy armour.
You hit Maggie.
Maggie is severely wounded.
Maggie closely misses you.
You hit Maggie.
Maggie is severely wounded.
Maggie casts a spell at you. The bolt of fire hits you!!
The fire burns you terribly!
* * * LOW HITPOINT WARNING * * *
The heat melts your icy armour.
You feel better. You block Maggie's attack.
You hit Maggie.
Maggie is severely wounded.
Maggie misses you.
You hit Maggie.
Maggie is severely wounded.
Maggie casts a spell at you. The bolt of fire hits you!!
Your icy armour melts away.
The fire burns you terribly!
You die...

#..# #.# ##.# #.# #.#
#.# +
##.##########.###### 8.
#..................# ...
..#.###.#######.####8...
.##.# #.# #.# .....
###.# #.# #.##8..... #
#.# #.# #.@@J....: # #.#
#.# ####8..... # #.# #.#
..... ###.###.# 8...
##...##.# ... .<....#.#
8. ..[.....# + ###.#####
###


You could see Maggie and a jelly.

Vanquished Creatures
  A cyclops (D:7)
  Menkaure (D:6)
  A sky beast (D:7)
  A black bear (D:7)
  An orc warrior (D:7)
  3 ice beasts
  2 ogres
  A phantom (D:7)
  2 centaurs
  An elf zombie (Ossuary)
  4 bullfrogs
  A gnoll sergeant (D:7)
  3 scorpions
  4 wights (D:7)
  2 howler monkeys (D:7)
  3 centaur zombies (Ossuary)
  4 orc priests (D:7)
  6 iguanas
  3 orc wizards
  Natasha (thrice) (D:4)
  5 hound zombies
  4 mummies
  A howler monkey skeleton (D:4)
  6 adders
  A shadow imp (D:7)
  A white imp (D:5)
  An ufetubus (D:7)
  3 adder zombies
  An adder skeleton (D:4)
  A worm (D:5)
  17 orcs
  16 ball pythons
  3 bats
  3 endoplasms
  11 goblins
  10 hobgoblins
  4 jackals (D:2)
  A quokka (D:3)
  6 frilled lizards
  4 gnoll zombies (Ossuary)
  2 goblin zombies
  3 hobgoblin zombies (Ossuary)
  4 jackal zombies (Ossuary)
  8 kobolds
  4 kobold zombies (Ossuary)
  2 orc zombies (Ossuary)
  7 quokka zombies (Ossuary)
  11 rats
  A rat zombie (Ossuary)
188 creatures vanquished.

Vanquished Creatures (others)
  A sky beast (D:7)
  7 plants (D:3)
  21 withered plants (D:4)
29 creatures vanquished.

Grand Total: 217 creatures vanquished

Notes
Turn   | Place    | Note
-------+----------+-------------------------------------------
     0 | D:1      | avis the Demigod Hunter began the quest for the Orb.
     0 | D:1      | Reached XP level 1. HP: 17/17 MP: 3/3
   227 | D:1      | Reached XP level 2. HP: 24/24 MP: 4/4
   313 | D:1      | Reached skill level 2 in Dodging
   331 | D:1      | Found Hecocif's Jewellery Emporium.
   363 | D:1      | Reached skill level 1 in Stealth
   990 | D:2      | Reached XP level 3. HP: 29/29 MP: 5/5
  1189 | D:2      | Reached skill level 3 in Dodging
  1256 | D:2      | You fall into a shaft and drop 2 floors!
  2046 | D:3      | Reached XP level 4. HP: 36/36 MP: 7/7
  2089 | D:3      | Reached skill level 1 in Spellcasting
  2795 | D:4      | Noticed Natasha
  2808 | D:4      | HP: 1/37 [Natasha (8)]
  2810 | D:4      | Killed Natasha
  3025 | D:4      | Noticed Natasha
  3042 | D:4      | Killed Natasha
  3043 | D:4      | Reached XP level 5. HP: 44/45 MP: 9/9
  3055 | D:4      | Noticed Natasha
  3061 | D:4      | Killed Natasha
  3212 | D:4      | Identified the +7 dagger "Cyawn" {pain, Str+2}
  3226 | D:4      | Learned a level 3 spell: Ozocubu's Armour
  3396 | D:5      | Entered Level 5 of the Dungeon
  3402 | D:5      | Reached skill level 5 in Ranged Weapons
  3402 | D:5      | Found a staircase to the Ecumenical Temple.
  3441 | D:5      | Reached XP level 6. HP: 37/51 MP: 10/10
  3667 | D:5      | Found a sand-covered staircase.
  3705 | Ossuary  | Entered an ossuary
  3940 | Ossuary  | Reached skill level 4 in Dodging
  4007 | Ossuary  | Reached XP level 7. HP: 53/57 MP: 11/11
  4178 | Ossuary  | Reached skill level 5 in Dodging
  4473 | D:5      | Reached skill level 6 in Dodging
  4599 | D:5      | Reached skill level 1 in Ice Magic
  5047 | Temple   | Entered the Ecumenical Temple
  5230 | D:6      | Noticed Menkaure
  5433 | D:6      | Killed Menkaure
  5434 | D:6      | Reached XP level 8. HP: 20/66 MP: 12/12
  7052 | D:7      | Reached skill level 7 in Dodging
  7193 | D:7      | Noticed a cyclops
  7206 | D:7      | Reached XP level 9. HP: 38/71 MP: 7/13
  7438 | D:7      | Killed a cyclops
  7439 | D:7      | Reached skill level 8 in Dodging
  7449 | D:7      | Reached skill level 9 in Dodging
  8163 | D:8      | Noticed Maggie
  8186 | D:8      | Killed from afar by Maggie

Illustrated notes

Levels and vault maps discovered:
D:1:      dpeg_arrival_morbid_curiosity, layout_basic, serial_shops,
          nicolae_shop_trees, shapermc_ecumenical_altar_totnotflames,
          minmay_rat_gold_closets
D:2:      layout_basic, basic_altar
D:3:      layout_rooms, mainiacjoe_overflow_cross_hatched, serial_forest,
          infiniplex_forest_zigzag_2, infiniplex_forest_straight_4,
          infiniplex_forest_clump_cross, infiniplex_forest_clump_curved,
          infiniplex_forest_clump_small, infiniplex_forest_lined_3,
          infiniplex_forest_zigzag_1, minmay_shallow_snake_nest
D:4:      layout_rooms, nicolae_tso_carved_into_rock, dilly_guarded_unrand_morg
D:5:      layout_gridville, nicolae_gozag_cash_rules_everything_around_me,
          minmay_temple_entry_mini_moons, nicolae_ossuary_entry_giza
D:6:      layout_rooms, mainiacjoe_overflow_chevrons,
          mainiacjoe_overflow_boulevard, old_standard_altar, kennysheep_mini,
          uniq_menkaure
D:7:      wad_guarded_room, layout_basic, minmay_fractal_squares_diagonal_5
D:8:      layout_loops_ring, lemuel_round_altar, nemelex_spade_bored_becter,
          makhleb_altar_promises_db, lair_entry_dummy,
          biasface_ghost_orc_armoury, dk_noncrumbling_4, uniq_maggie
Temple:   compressed_dpeg_triangle_lava_temple

Skill      XL: |  1  2  3  4  5  6  7  8  9 |
---------------+----------------------------+-----
Fighting       | 2 3 4 |  4.0
Ranged Weapons | 4 5 6 8 |  8.0
Dodging        | 2 3 4 6 7 9 |  9.0
Stealth        | 1 2 |  2.0
Spellcasting   | 1 2 |  2.0
Ice Magic      | 2 |  2.3

Action                     |  1- 3 |  4- 6 |  7- 9 || total
---------------------------+-------+-------+-------++-------
  Melee: Whip              |       |    69 |    87 ||   156
         Dagger            |       |     5 |    64 ||    69
         Punch             |       |       |     5 ||     5
   Fire: Shortbow          |   130 |   134 |   229 ||   493
   Cast: Ozocubu's Armour  |       |       |     6 ||     6
    Use: Potion            |       |     2 |     4 ||     6
         Scroll            |       |     9 |     5 ||    14
   Stab: Distracted        |       |     1 |       ||     1
         Sleeping          |       |       |     2 ||     2
 Armour: Leather armour    |    13 |    54 |    64 ||   131
  Dodge: Dodged            |    36 |   101 |   196 ||   333
  Block: Other             |       |       |    33 ||    33
         Reflection        |       |       |     4 ||     4

Table legend: (Time is in decaauts)
 A = Elapsed time spent in this place.
 B = Non-inter-level travel time spent in this place.
 C = Inter-level travel time spent in this place.
 D = Time resting spent in this place.
 E = Time spent auto-exploring this place.
 F = Levels seen in this place.
 G = Mean time per level.
                   A        B        C        D        E       F      G
               +--------+--------+--------+--------+--------+-----+--------+
         Total |   8319 |   7626 |    693 |   1552 |   3664 |  10 |  831.9 |
       Dungeon |   7715 |   7022 |    693 |   1320 |   3664 |   8 |  964.4 |
        Temple |      9 |      9 |      0 |      0 |      0 |   1 |    9.0 |
       Ossuary |    594 |    594 |      0 |    232 |      0 |   1 |  594.0 |
               +--------+--------+--------+--------+--------+-----+--------+

Top non-repeatable levels by time:
     D:5: 1734 daAuts
     D:7: 1561 daAuts
     D:1: 1076 daAuts
     D:4: 848 daAuts
     D:2: 837 daAuts
     D:6: 780 daAuts
     D:3: 719 daAuts
 Ossuary: 594 daAuts
     D:8: 157 daAuts
  Temple: 9 daAuts
